AoeStats
← Elsalala

Arena

508688051Analyzed
1v1 RM · 8d ago on Sep 23, 2026· 43m 26s· 2 players
Game mode
Random Map
Map size
Tiny (2 player)
Population
200
Speed
Normal
Resources
Standard
Victory
Conquest
Starting age
Dark Age
Ending age
Imperial Age
RankedLock teamsTeams togetherTeam positionsShared explorationLock speedFull tech treeHidden civsTurbo modeCheats
Victory
Defeat
🇳🇱 Franks · Netherlands
241
+12
🇺🇸 Ethiopians · United States
153
-12
ChefDaniel2079
0:38 Loom
13:43 Feudal Age
15:53 Wheelbarrow
15:04 Town Watch
16:10 Arson
15:47 Man-at-Arms
18:25 Double-Bit Axe
20:24 Horse Collar
26:08 Castle Age
25:13 Scale Mail Armor
25:12 Fletching
26:28 Stone Mining
26:28 Gold Mining
28:41 Fervor
30:17 Ballistics
34:47 Murder Holes
43:25 Imperial Age
Elsalala
3:37 Loom
16:19 Feudal Age
19:12 Wheelbarrow
20:22 Arson
19:58 Man-at-Arms
21:20 Town Watch
21:27 Double-Bit Axe
21:36 Gold Mining
21:37 Stone Mining
24:00 Scale Mail Armor
24:11 Forging
23:52 Fletching
24:03 Padded Archer Armor
24:12 Scale Barding Armor
28:28 Castle Age
30:10 Gold Shaft Mining
29:48 Bow Saw
29:58 Hand Cart
29:44 Town Patrol
29:45 Pikeman
30:26 Squires
30:14 Gambesons
30:04 Long Swordsman
30:09 Elite Skirmisher
37:26 Imperial Age
36:04 Treadmill Crane
36:36 Fortified Wall
36:23 Murder Holes
37:28 Ordonnance Companies
39:02 Conscription
41:34 Iron Casting
40:55 Bodkin Arrow
41:17 Chain Mail Armor
42:08 Elite Throwing Axeman
Connection lost

Rejoining the realm…

Still unreachable

The connection could not be restored.

Session expired

The server has moved on; the page needs a fresh start.